 Dungeon Crawl Stone Soup version 0.28-a0-1506-g3893175d92 (webtiles) character file.

Game seed: 12661081415913046795

256 SensoryNuts the Covered (level 5, -5/42 HPs)
             Began as a Demonspawn Fighter on Jan 13, 2022.
             Slain by a gnoll (12 damage)
             ... on level 3 of the Dungeon.
             The game lasted 00:03:26 (3117 turns).

SensoryNuts the Covered (Demonspawn Fighter)        Turns: 3117, Time: 00:03:27

Health: -5/42      AC:  7    Str: 25    XL:     5   Next: 92%
Magic:  5/5        EV: 10    Int:  9    God:
Gold:   111        SH:  4    Dex: 12    Spells: 4/4 levels left

rFire   . . .      SeeInvis .   a - +0 long sword
rCold   . . .      Faith    .   c - +0 buckler
rNeg    . . .      Spirit   .   b - +0 scale mail
rPois   .          Reflect  .   (no helmet)
rElec   .          Harm     .   (no cloak)
rCorr   .          Rampage  .   (no gloves)
Will    .....                   (no boots)
Stlth   ..........              (no amulet)
HPRegen 0.14/turn               j - +6 ring of strength
MPRegen 0.09/turn               (no ring)

@: no status effects
A: demonic touch 2
a: no special abilities


You were on level 3 of the Dungeon.
You visited 1 branch of the dungeon, and saw 3 of its levels.

You collected 111 gold pieces.

Inventory:

Hand Weapons
 a - a +0 long sword (weapon)
Armour
 b - a +0 scale mail (worn)
 c - a +0 buckler (worn)
Jewellery
 f - a ring of wizardry
 j - a +6 ring of strength (left hand)
Scrolls
 d - a scroll of fog
 e - a scroll of identify {unknown}


   Skills:
 + Level 3.8 Fighting
 + Level 3.4 Long Blades
 + Level 3.9 Armour
 + Level 1.7 Dodging
 + Level 0.6 Stealth
 + Level 3.0 Shields


You had 4 spell levels left.
You didn't know any spells.
Your spell library contained the following spells:

 Spells                   Type           Power      Damage    Failure   Level
 Confusing Touch          Hex            0%         N/A       98%         3
 Yara's Violent Unravell  Hex/Tmut       0%         3d3       100%        5
 Enfeeble                 Hex            0%         N/A       100%        7


Dungeon Overview and Level Annotations

Branches:
Dungeon (3/15)

Altars:


Innate Abilities, Weirdness & Mutations

Your touch may inflict irresistible damage on your foes.


Message History

The gnoll hits you but does no damage.
You barely miss the gnoll.
The gnoll is heavily wounded.
The gnoll barely misses you. You block the gnoll's attack. x2
The gnoll closely misses you.
You slash the gnoll!
You kill the gnoll!
You hear a splash.
The gnoll hits you from afar with a +0 halberd.
You enter the shallow water.
Moving in this stuff is going to be slow.
The gnoll hits you with a +0 halberd.
Things that are here:
a +0 whip; a gnoll corpse Your unstable footing causes you to fumble your attack.
You block the gnoll's attack.
You slash the gnoll!
You kill the gnoll!
You block the gnoll's attack.
Your unstable footing causes you to fumble your attack.
The gnoll hits you from afar with a +0 halberd.
The gnoll closely misses you.
Your unstable footing causes you to fumble your attack.
The gnoll hits you with a +0 flail! The gnoll hits you but does no damage.
You are too injured to fight recklessly!
You are too injured to fight recklessly!
The gnoll hits you with a +0 flail!
* * * LOW HITPOINT WARNING * * *
Found 8 stones.
You see here a +0 short sword.
The gnoll barely misses you.
You see here a +0 mace.
You block the gnoll's attack.
Found a glowing mace.
You block the gnoll's attack.
There is a stone staircase leading down here.
The gnoll hits you with a +0 flail!
* * * LOW HITPOINT WARNING * * *
The gnoll hits you from afar with a +0 halberd!
You die...

########
########.......
##.#......).###.
##....####.#.###.
##..?..####.#.....
#@............###.
##g...........###.
##g..####.....##.
##.## ##.......
#.# ##.##### #.
#.# #.# #)# ####.#
#.# #.# #....#
##'## #.# #g####
##...##


You could see 2 gnolls.

Vanquished Creatures
  Pargi (D:3)
  A bullfrog skeleton (D:3)
  Terence (D:2)
  Robin (D:2)
  2 gnolls (D:3)
  2 dart slugs (D:1)
  8 ball pythons
  6 endoplasms
  A giant cockroach (D:2)
  15 goblins
  9 hobgoblins
  5 jackals (D:2)
  A kobold (D:1)
  4 bats
  2 frilled lizards
  4 rats
63 creatures vanquished.

Notes
Turn   | Place    | Note
-------+----------+-------------------------------------------
     0 | D:1      | SensoryNuts the Demonspawn Fighter began the quest for the
                  | Orb.
     0 | D:1      | Reached XP level 1. HP: 18/18 MP: 1/1
   279 | D:1      | Gained mutation: Your touch may inflict minor irresistible
                  | damage on your foes. [demonic ancestry]
   279 | D:1      | Reached XP level 2. HP: 24/24 MP: 2/2
  1019 | D:2      | Gained mutation: Your touch may inflict irresistible damage
                  | on your foes. [demonic ancestry]
  1019 | D:2      | Reached XP level 3. HP: 28/29 MP: 3/3
  1442 | D:2      | Noticed Robin
  1798 | D:2      | Killed Robin
  1802 | D:2      | Reached XP level 4. HP: 26/35 MP: 4/4
  1908 | D:2      | Found a faded altar of an unknown god.
  1928 | D:2      | Noticed Terence
  1931 | D:2      | Killed Terence
  2552 | D:3      | Noticed Pargi
  2559 | D:3      | Reached skill level 1 in Dodging
  2576 | D:3      | Killed Pargi
  2577 | D:3      | Reached XP level 5. HP: 12/42 MP: 5/5
  3117 | D:3      | Slain by a gnoll

Illustrated notes

Levels and vault maps discovered:
D:1:      ncdulo_wetmaze, layout_basic
D:2:      layout_loops_ring, basic_ecumenical_altar, uniq_terence, uniq_robin
D:3:      layout_loops_corners, chequers_serial_rivers_large_a, uniq_pargi

Skill      XL: |  1  2  3  4 |
---------------+-------------+-----
Long Blades    | 2 3 |  3.4
Armour         | 3 |  3.9
Dodging        | 1 |  1.7
Shields        | 3 |  3.0
Fighting       | |  3.8
Stealth        | |  0.6

Action                   |  1- 3 |  4- 6 || total
-------------------------+-------+-------++-------
Melee: Long sword        |   131 |    61 ||   192
  Use: Potion            |     3 |     4 ||     7
       Scroll            |     2 |     2 ||     4
Armor: Scale mail        |    76 |    41 ||   117
Dodge: Dodged            |    72 |    41 ||   113
Block: Buckler           |    27 |    18 ||    45

Table legend: (Time is in decaauts)
 A = Elapsed time spent in this place.
 B = Non-inter-level travel time spent in this place.
 C = Inter-level travel time spent in this place.
 D = Time resting spent in this place.
 E = Time spent auto-exploring this place.
 F = Levels seen in this place.
 G = Mean time per level.
                   A        B        C        D        E       F      G
               +--------+--------+--------+--------+--------+-----+--------+
         Total |   3195 |   3148 |     47 |      0 |   2581 |   3 | 1065.0 |
       Dungeon |   3195 |   3148 |     47 |      0 |   2581 |   3 | 1065.0 |
               +--------+--------+--------+--------+--------+-----+--------+

Top non-repeatable levels by time:
     D:1: 1333 daAuts
     D:2: 1173 daAuts
     D:3: 688 daAuts
